Map: Torches LE

Players

ManlyManMeat - Winner!

  • Race: Zerg Zerg
  • Spawn Location: 5:00

Snowy

  • Race: Terran Terran
  • League: Master
  • Spawn Location: 1:00

VOD

Have the link to the VOD?

Description

Time

  • Played on: May 14, 2025, 5:52 p.m.
  • Length: 12:11
Show
View Real Time Build Order
Export as new Build Order

ManlyManMeat Zerg - Winner!

Build Orders: Hatch First 

Get SALT Encoding   

  12  0:07  Overlord  
  12  0:12  Drone  
  13  0:20  Drone  
  14  0:26  Drone  
  15  0:33  Drone  
  16  0:41  Drone  
  17  0:53  Hatchery  
  17  0:56  Drone  
  17  1:13  Spawning Pool  
  16  1:21  Drone x2  
  16  1:23  Extractor  
  17  2:03  Queen  
  17  2:05  Queen  
  21  2:09  Zergling x6  
  21  2:10  Drone  
  25  2:16  Overlord  
  25  2:20  Overlord  
  25  2:27  Overlord  
  25  2:45  Zergling x4  
  27  2:51  Extractor  
  27  2:55  Roach Warren  
  27  2:56  Drone  
  26  3:02  Queen  
  28  3:07  Metabolic Boost  
  28  3:11  Drone x3  
  30  3:20  Evolution Chamber  
  27  3:49  Roach x4  
  27  3:51  Drone x2  
  37  4:04  Roach  
  37  4:05  Roach  
  41  4:11  Overlord  
  41  4:13  Drone  
  42  4:20  Zerg Missile Weapons Level 1  
  42  4:31  Baneling Nest  
  42  4:37  Drone x2  
  42  4:38  Drone  
  44  4:41  Drone  
  45  4:53  Drone x3  
  47  5:23  Hatchery  
  47  5:27  Drone x4  
  52  5:46  Lair  
  52  5:48  Queen  
  52  5:53  Overlord x2  
  51  6:11  Zergling x6  
  51  6:12  Zergling x14  
  51  6:14  Zerg Ground Armor Level 1  
  59  6:20  Roach x4  
  63  6:38  Roach  
  63  6:39  Roach x3  
  59  6:48  Zergling x10  
  64  7:01  Zergling x2  
  65  7:13  Overlord x3  
  60  7:31  Zergling x16  
  55  8:22  Hatchery  
  54  8:28  Drone x3  
  54  8:30  Drone x4  
  61  8:47  Roach  
  61  8:48  Roach x6  
  75  9:04  Drone x2  
  77  9:14  Infestation Pit  
  77  9:16  Drone x3  
  79  9:18  Spire  
  77  9:27  Zergling x2  
  77  9:28  Zergling x10  
  83  9:46  Drone x2  
  83  9:47  Drone x8  
  93  9:52  Zerg Melee Weapons Level 1  
  89  10:06  Roach x6  
  85  10:25  Drone x3  
  85  10:27  Extractor  
  87  10:29  Extractor  
  87  10:32  Hive  
  86  10:38  Extractor  
  86  10:39  Extractor  
  84  10:45  Zergling x14  
  90  10:59  Zergling x4  
  90  11:02  Queen  
  84  11:07  Ravager  
  83  11:12  Corruptor x4  
  84  11:30  Spore Crawler  
  84  11:31  Spore Crawler  
Show
View Real Time Build Order
Export as new Build Order

Snowy Terran 

Build Orders:  

Get SALT Encoding   

  12  0:01  SCV  
  13  0:13  SCV  
  14  0:22  Supply Depot  
  14  0:25  SCV  
  15  0:52  Barracks  
  15  0:55  Barracks  
  15  0:56  SCV  
  16  1:01  Refinery  
  16  1:08  SCV  
  17  1:21  Supply Depot, SCV  
  18  1:33  SCV  
  19  1:42  Marine x2  
  19  1:45  SCV  
  22  1:57  SCV  
  22  2:00  Marine  
  22  2:01  Marine  
  25  2:09  SCV  
  26  2:18  Marine x2  
  26  2:21  SCV  
  29  2:33  SCV  
  29  2:36  Marine  
  31  2:50  Supply Depot  
  31  3:12  Barracks Tech Lab  
  31  3:13  Supply Depot, Barracks Reactor  
  31  3:17  SCV  
  25  3:39  Marauder  
  27  3:42  Concussive Shells  
  27  3:55  Command Center, Factory  
  27  3:56  Marine  
  27  3:57  Marine  
  27  4:00  Marine  
  30  4:14  Marine x2  
  32  4:19  Marauder  
  34  4:24  Combat Shield  
  34  4:27  Refinery  
  34  4:32  Marine x2  
  36  4:39  Marine  
  36  4:40  Factory Tech Lab  
  37  4:50  Marine x2  
  39  4:58  Marauder  
  41  5:02  Starport  
  41  5:07  Marine  
  41  5:08  Marine  
  43  5:19  Marauder, Barracks  
  45  5:23  Barracks  
  45  5:25  Marine  
  45  5:26  Marine, SCV  
  45  5:28  Refinery  
  49  5:33  Orbital Command  
  48  5:38  SCV  
  48  5:40  Marauder, Siege Tank  
  54  5:43  Marine x2  
  56  5:51  Refinery, SCV  
  57  6:01  Marine  
  57  6:03  Marauder, Marine  
  61  6:07  SCV  
  61  6:19  Marine  
  62  6:36  Marine  
  62  6:37  Marauder  
  52  7:09  Marine x2  
  52  7:10  Marine  
  52  7:13  Hellion  
  57  7:16  Medivac  
  58  7:27  Marine x3  
  61  7:43  Siege Tank  
  62  7:51  Marine x2  
  62  7:52  Marauder  
  41  8:08  Marine  
  41  8:09  Marine  
  43  8:14  Marauder  
  43  8:19  Siege Tank  
  48  8:26  Marine x2  
  49  8:29  SCV x2  
  52  8:35  Marauder  
  52  8:37  Starport Tech Lab  
  54  8:41  SCV x2  
  54  8:44  Marine x2  
  54  8:46  Infernal Pre-Igniter  
  58  8:51  Hellion  
  58  8:53  SCV  
  58  8:54  SCV  
  62  8:55  Barracks Reactor  
  62  8:56  Barracks Reactor  
  62  9:09  Marauder, Marine x2, SCV  
  67  9:13  Hellion  
  69  9:19  Supply Depot  
  69  9:23  Supply Depot  
  69  9:27  Marine x2  
  69  9:30  Marauder  
  73  9:34  Siege Tank, Medivac  
  78  9:45  Marine x3  
  78  9:46  Marine x3  
  78  9:52  Marauder  
  86  10:03  Marine x3  
  86  10:04  Banshee, Marine x3  
  78  10:13  Marauder  
  66  10:28  Marine x2  
  66  10:29  Marine x4  
  66  10:35  Marauder  
  74  10:46  Marine  
  75  10:56  Marauder  
  54  11:17  Marauder  
  51  11:39  Marauder  
Tags
 
League
Master
Matchup
TvZ
Replay Pack
Multiplayer
Spawn Locations
Close Positions
Add a new tag
Caveats
  • Supply blocks, unpowered buildings, or Contaminate may cause inaccurate times.
  • Supply counts are checked every 10 seconds.